 Dungeon Crawl Stone Soup version 0.26-a0-846-gcc8f1ee719 (webtiles) character file.

Game seed: 15363170886781797039

46 jestyr24 the Shield-Bearer (level 3, 0/29 HPs)
             Began as a Human Fighter on Nov 19, 2020.
             Slain by an adder (3 damage)
             ... on level 2 of the Dungeon.
             The game lasted 00:04:00 (1163 turns).

jestyr24 the Shield-Bearer (Human Fighter)          Turns: 1163, Time: 00:04:02

Health: 0/29       AC:  9    Str: 16    XL:     3   Next: 95%
Magic:  3/3        EV:  7    Int:  9    God:
Gold:   71         SH:  9    Dex: 12    Spells: 3/3 levels left

rFire    . . .     SeeInvis .   a - +0 long sword
rCold    . . .     Faith    +   c - +0 kite shield
rNeg     . . .     Spirit   .   b - +0 scale mail
rPois    .         Reflect  .   e - +1 helmet
rElec    .         Harm     .   (no cloak)
rCorr    .         Rampage  .   (no gloves)
MR       .....                  (no boots)
Stlth    ..........             k - amulet of faith
HPRegen  0.09/turn              (no ring)
MPRegen  0.08/turn              (no ring)

@: lethally poisoned (0 -> -4)
A: no striking features
a: no special abilities


You were on level 2 of the Dungeon.
You visited 1 branch of the dungeon, and saw 2 of its levels.

You collected 71 gold pieces.

Inventory:

Hand Weapons
 a - a +0 long sword (weapon)
Missiles
 n - 7 stones (quivered)
Armour
 b - a +0 scale mail (worn)
 c - a +0 kite shield (worn)
 e - a +1 helmet (worn)
Jewellery
 k - an amulet of faith (around neck)
Scrolls
 g - a scroll of enchant weapon {unknown}
 h - a scroll of identify {unknown}
 i - a scroll of noise {unknown}
 j - a scroll of teleportation {unknown}
 l - 2 scrolls of amnesia {unknown}
 p - a scroll of remove curse {unknown}
Potions
 d - 2 potions of might
 f - a potion of curing {unknown}
 m - a potion of haste {unknown}
 o - a potion of cancellation {unknown}


   Skills:
 + Level 3.5 Fighting
 - Level 2.0 Long Blades
 + Level 3.3 Armour
 + Level 0.3 Dodging
 + Level 3.5 Shields
 * Level 0.5 Spellcasting


You had 3 spell levels left.
You didn't know any spells.
Your spell library was empty.

Dungeon Overview and Level Annotations

Branches:
Dungeon (2/15)

Altars:


Message History

The adder is almost dead.
You barely miss the adder.
The adder is almost dead.
The bat hits you.
* * * LOW HITPOINT WARNING * * *
You block the goblin's attack. The adder bites you.
* * * LOW HITPOINT WARNING * * *
You are lethally poisoned!
The adder poisons you! The goblin barely misses you.
You riposte.
You hit the goblin.
The goblin is moderately wounded.
The bat closely misses you.
You miss the adder.
The adder is almost dead.
* * * LOW HITPOINT WARNING * * *
You feel sick. The bat barely misses you. You block the bat's attack.
The adder closely misses you. The bat hits you but does no damage.
The goblin hits you but does no damage. You block the kobold's attack.
The goblin closely misses you. The adder bites you.
You die...

>##. ##.#
...##..(.# ..
#†###..#....... ..
#..#..##....... ##.
#..............
#..#.#..#.........
#................
#.....##......#....
#..##.#...Kgg......
#..........@b......
## ##......S#......
#....###. .....
......# .. ....
.......# .#. .##
....(.. #... #
..... . .. .. .#


You could see an adder, 2 goblins, a bat and a kobold.

Vanquished Creatures
  An adder (D:2)
  2 dart slugs (D:1)
  A leopard gecko (D:1)
  A giant cockroach (D:1)
  6 goblins (D:1)
  3 hobgoblins
  6 jackals
  3 bats
  4 kobolds (D:1)
  3 rats (D:1)
30 creatures vanquished.

Notes
Turn   | Place    | Note
-------+----------+-------------------------------------------
     0 | D:1      | jestyr24 the Human Fighter began the quest for the Orb.
     0 | D:1      | Reached XP level 1. HP: 18/18 MP: 1/1
   263 | D:1      | Reached XP level 2. HP: 22/24 MP: 2/2
   462 | D:1      | Reached XP level 3. HP: 28/29 MP: 3/3
  1163 | D:2      | Slain by an adder

Illustrated notes

Levels and vault maps discovered:
D:1:      sevenhm_arrival_forest_fort_large_2, layout_basic
D:2:      layout_rooms

Action                   || total
-------------------------++-------
Melee: Long sword        ||   104
Throw: Stone             ||     3
Armor: Scale mail        ||    85
Dodge: Dodged            ||    46
Block: Kite shield       ||    68
       Rpst.: Long sword ||    12

Table legend: (Time is in decaauts)
 A = Elapsed time spent in this place.
 B = Non-inter-level travel time spent in this place.
 C = Inter-level travel time spent in this place.
 D = Time resting spent in this place.
 E = Time spent auto-exploring this place.
 F = Levels seen in this place.
 G = Mean time per level.
                   A        B        C        D        E       F      G
               +--------+--------+--------+--------+--------+-----+--------+
         Total |   1202 |   1162 |     40 |    134 |    656 |   2 |  601.0 |
       Dungeon |   1202 |   1162 |     40 |    134 |    656 |   2 |  601.0 |
               +--------+--------+--------+--------+--------+-----+--------+

Top non-repeatable levels by time:
     D:1: 1132 daAuts
     D:2: 69 daAuts
